 Dungeon Crawl Stone Soup version 0.28-a0-941-g140ffa1 (webtiles) character file.

Game seed: 10354533750189627216

659 Remcycle the Chopper (level 7, -1/52 HPs)
             Began as a Formicid Fighter on Nov 29, 2021.
             Was an Initiate of Okawaru.
             Slain by an ogre (23 damage)
             ... on level 4 of the Dungeon.
             The game lasted 00:08:49 (4621 turns).

Remcycle the Chopper (Formicid Fighter)             Turns: 4621, Time: 00:08:50

Health: -1/52      AC: 12    Str: 22    XL:     7   Next: 86%
Magic:  7/7        EV:  6    Int:  8    God:    Okawaru [......]
Gold:   955        SH:  5    Dex: 10    Spells: 6/6 levels left

rFire   + . .      SeeInvis +   a - +0 war axe
rCold   . . .      Faith    .   c - +0 buckler
rNeg    . . .      Spirit   .   e - +1 plate armour
rPois   .          Reflect  .   (helmet unavailable)
rElec   .          Harm     .   (no cloak)
rCorr   .          Rampage  .   (no gloves)
Will    .....                   (no boots)
Stlth   ..........              (no amulet)
HPRegen 0.17/turn               q - ring of protection from fire
MPRegen 0.10/turn               (no ring)

@: no status effects
A: permanent stasis, dig shafts and tunnels, antennae 3, four strong arms
a: Dig, Shaft Self, Renounce Religion


You were on level 4 of the Dungeon.
You worshipped Okawaru.
Okawaru was noncommittal.
You visited 2 branches of the dungeon, and saw 5 of its levels.

You collected 955 gold pieces.

Inventory:

Hand Weapons
 a - a +0 war axe (weapon)
Missiles
 g - 18 poisoned darts
Armour
 c - a +0 buckler (worn)
 e - a +1 plate armour (worn)
Jewellery
 d - a +4 ring of protection
 q - a ring of protection from fire (left hand)
Wands
 b - a wand of digging (1)
Scrolls
 j - a scroll of enchant weapon {unknown}
Potions
 f - 2 potions of curing {unknown}
 h - a potion of haste {unknown}
 i - 2 potions of heal wounds
 l - 2 potions of degeneration {unknown}
 m - a potion of magic
 n - a potion of ambrosia {unknown}


   Skills:
 - Level 3.2 Fighting
 + Level 7.7 Axes
 - Level 3.2 Armour
 - Level 5.0 Shields


You had 6 spell levels left.
You didn't know any spells.
Your spell library contained the following spells:

 Spells                   Type           Power      Damage    Failure   Level
 Pain                     Necr           0%         1d4       100%        1
 Vampiric Draining        Necr           0%         2d6       100%        3
 Animate Skeleton         Necr           Unusable   N/A       N/A         1

Dungeon Overview and Level Annotations

Branches:
Dungeon (4/15)             Temple (1/1) D:4

Altars:
Cheibriados
Dithmenos
Nemelex Xobeh
Okawaru
Ru
Trog
Uskayaw

Shops:
D:1 =


Innate Abilities, Weirdness & Mutations

You cannot be hasted, slowed, berserked, paralysed or teleported.
You can dig through walls and to a lower floor.
You have a pair of large antennae on your head. (SInv)
Your four strong arms can wield two-handed weapons with a shield.


Message History

The gnoll hits you with a +0 club.
The gnoll shaman calls upon its god to speed up the gnoll.
The gnoll seems to speed up.
You hit the gnoll.
The gnoll is moderately wounded.
The gnoll barely misses you.
You closely miss the gnoll.
The gnoll is moderately wounded.
The gnoll hits you but does no damage.
Your plate armour prevents you from hitting the gnoll.
The gnoll is lightly wounded.
The gnoll closely misses you. The gnoll completely misses you.
The gnoll hits you from afar with a +0 halberd.
You slash the gnoll!
You kill the gnoll!
Okawaru accepts your kill. The gnoll hits you but does no damage.
The gnoll hits you from afar with a +0 halberd.
The ogre barely misses you.
You hit the ogre.
The ogre is lightly wounded.
The gnoll completely misses you. You block the gnoll's attack.
You slash the ogre!
The ogre is heavily wounded.
The ogre barely misses you. The gnoll hits you but does no damage.
You barely miss the ogre.
The ogre is heavily wounded.
The gnoll hits you from afar with a +0 halberd!
The ogre hits you but does no damage. The gnoll barely misses you.
The gnoll shaman calls upon its god to speed up the gnoll.
The gnoll seems to speed up.
You slash the ogre!
The ogre is severely wounded.
The gnoll barely misses you. The ogre hits you but does no damage.
You hit the ogre.
The ogre is almost dead.
The gnoll hits you but does no damage.
The gnoll hits you from afar with a +0 halberd!
The ogre hits you with a +0 giant club!!
You die...

...Jg...{........#..##........
.....J..{##...................
.....###...J#.#...............
..............................
.....######..g..##...#........
... ###Jg......#........ ...
#gg{..............
#O##.#..#.........
####@##รท.............
#.............#.##...
#.....[..............
#.......##.#.....##..
#.......##.....####..
#.###........#.# #..
##..........###.## #..
##..###...##.# #..###..
##..##.##..#..# #..##..


You could see an ogre, a gnoll shaman, 3 gnolls and an endoplasm.

Vanquished Creatures
  Sigmund (D:4)
  Edmund (D:4)
  An ogre (D:4)
  A bullfrog (D:3)
  A bullfrog skeleton (D:4)
  An iguana (D:4)
  3 orc wizards (D:3)
  A gnoll (D:4)
  2 adders
  A howler monkey skeleton (D:4)
  4 dart slugs
  2 orcs
  9 ball pythons
  11 bats
  8 endoplasms
  2 giant cockroaches
  6 hobgoblins
  6 kobolds
  4 quokkas
  2 frilled lizards
  4 goblins
  5 rats
76 creatures vanquished.

Vanquished Creatures (collateral kills)
  A hobgoblin (D:4)
1 creature vanquished.

Grand Total: 77 creatures vanquished

Notes
Turn   | Place    | Note
-------+----------+-------------------------------------------
     0 | D:1      | Remcycle the Formicid Fighter began the quest for the Orb.
     0 | D:1      | Reached XP level 1. HP: 18/18 MP: 1/1
   302 | D:1      | Reached XP level 2. HP: 24/24 MP: 2/2
   400 | D:1      | Reached XP level 3. HP: 25/29 MP: 3/3
   745 | D:1      | Reached skill level 3 in Axes
   932 | D:1      | Found Affolir's Jewellery Emporium.
  1351 | D:2      | Reached XP level 4. HP: 20/35 MP: 4/4
  2270 | D:3      | Found a faded altar of an unknown god.
  2372 | D:3      | Found a shadowy altar of Dithmenos.
  2455 | D:3      | Found a bloodstained altar of Trog.
  2498 | D:3      | Reached skill level 5 in Shields
  3081 | D:4      | Noticed Sigmund
  3117 | D:4      | Noticed a +0 falchion
  3117 | D:4      | Noticed a +0 short sword
  3117 | D:4      | Noticed a +0 dagger
  3117 | D:4      | Noticed a bullfrog
  3118 | D:4      | Noticed a +0 falchion
  3125 | D:3      | Killed a bullfrog
  3126 | D:3      | Reached skill level 4 in Axes
  3126 | D:3      | Reached XP level 5. HP: 28/41 MP: 5/5
  3338 | D:4      | Identified a scroll of acquirement
  3338 | D:4      | Acquired 786 gold pieces
  3498 | D:3      | Reached skill level 5 in Axes
  3498 | D:3      | Reached XP level 6. HP: 21/47 MP: 6/6
  3756 | D:4      | Noticed a +0 spear
  3757 | D:4      | Noticed a +0 dagger
  3757 | D:4      | Noticed a +0 short sword
  3759 | D:4      | Noticed a +0 spear
  4027 | D:4      | Killed Sigmund
  4028 | D:4      | Reached skill level 6 in Axes
  4028 | D:4      | Reached XP level 7. HP: 30/52 MP: 7/7
  4178 | D:4      | Found a hide-covered altar of Uskayaw.
  4234 | D:4      | Found a sparkling altar of Nemelex Xobeh.
  4264 | D:4      | Reached skill level 7 in Axes
  4342 | D:4      | Found a staircase to the Ecumenical Temple.
  4344 | D:4      | Noticed Edmund
  4366 | Temple   | Entered the Ecumenical Temple
  4391 | Temple   | Became a worshipper of Warmaster Okawaru
  4430 | D:4      | Killed Edmund
  4621 | D:4      | Slain by an ogre

Illustrated notes

Levels and vault maps discovered:
D:1:      minmay_arrival_semitransparent, layout_basic, serial_shops,
          nicolae_shop_trees, serial_curves, eino_curves_01, eino_curves_01,
          eino_curves_03, minivault_19, minmay_misc_feat_tiny, minmay_vboxes
D:2:      layout_basic, minmay_door_square
D:3:      layout_basic, nicolae_dithmenos_the_darkroom, lemuel_crystal_altar,
          shapermc_ecumenical_altar_venn
D:4:      layout_rooms, nemelex_spade_bored_becter, nicolae_uskayaw_en_pointe,
          minmay_temple_entry_sparse_star, uniq_edmund, uniq_sigmund
Temple:   jpeg_temple_clearing

Skill      XL: |  1  2  3  4  5  6  7 |
---------------+----------------------+-----
Shields        | 4 5 |  5.0
Axes           | 3 4 5 6 7 |  7.7
Fighting       | |  3.2
Armour         | |  3.2

Action                   |  1- 3 |  4- 6 |  7- 9 || total
-------------------------+-------+-------+-------++-------
Melee: War axe           |   103 |   106 |    54 ||   263
  Use: Scroll            |       |     7 |     1 ||     8
       Potion            |       |     1 |     1 ||     2
Armor: Plate armour      |    83 |   104 |    18 ||   205
Dodge: Dodged            |    21 |    53 |    22 ||    96
Block: Buckler           |    29 |    24 |    11 ||    64

Table legend: (Time is in decaauts)
 A = Elapsed time spent in this place.
 B = Non-inter-level travel time spent in this place.
 C = Inter-level travel time spent in this place.
 D = Time resting spent in this place.
 E = Time spent auto-exploring this place.
 F = Levels seen in this place.
 G = Mean time per level.
                   A        B        C        D        E       F      G
               +--------+--------+--------+--------+--------+-----+--------+
         Total |   4706 |   4489 |    217 |   1165 |   2566 |   5 |  941.2 |
       Dungeon |   4669 |   4461 |    208 |   1165 |   2553 |   4 | 1167.2 |
        Temple |     36 |     27 |      9 |      0 |     13 |   1 |   36.0 |
               +--------+--------+--------+--------+--------+-----+--------+

Top non-repeatable levels by time:
     D:3: 1675 daAuts
     D:1: 1243 daAuts
     D:2: 1042 daAuts
     D:4: 707 daAuts
  Temple: 36 daAuts
